 Dungeon Crawl Stone Soup version 0.28.0-53-g5a82cb258f (webtiles) character file.

Game seed: 3236923596826352393

1122 safid the Cleaver (level 8, -4/66 HPs)
             Began as a Hill Orc Fighter on Aug 15, 2022.
             Was a Believer of Beogh.
             Slain by a troll (6 damage)
             ... on level 5 of the Dungeon.
             The game lasted 00:07:28 (5483 turns).

safid the Cleaver (Hill Orc Fighter)                Turns: 5483, Time: 00:07:30

Health: -4/66      AC: 10    Str: 21    XL:     8   Next: 35%
Magic:  0/8        EV:  9    Int:  8    God:    Beogh [**....]
Gold:   153        SH:  4    Dex: 10    Spells: 7/7 levels left

rFire   . . .      SeeInvis .   a - +0 war axe
rCold   . . .      Faith    .   c - +0 buckler
rNeg    . . .      Spirit   +   w - +2 scale mail {rPois}
rPois   +          Reflect  .   (no helmet)
rElec   .          Harm     .   v - +0 cloak
rCorr   .          Rampage  .   (no gloves)
Will    .....                   (no boots)
Stlth   ..........              s - amulet of guardian spirit
HPRegen 0.21/turn               (no ring)
MPRegen 0.11/turn               (no ring)

@: no status effects
A: hooves 1
a: Renounce Religion, Smiting


You were on level 5 of the Dungeon.
You worshipped Beogh.
Beogh was pleased with you.
You visited 1 branch of the dungeon, and saw 5 of its levels.
You also visited: Sewer and Ossuary.

You collected 153 gold pieces.

Inventory:

Hand Weapons
 a - a +0 war axe (weapon)
Armour
 c - a +0 buckler (worn)
 v - a +0 cloak (worn)
 w - a +2 scale mail of poison resistance (worn)
Jewellery
 s - an amulet of guardian spirit (around neck)
Wands
 d - a wand of flame (7)
 f - a wand of digging (7)
 I - a wand of paralysis (9)
Scrolls
 e - a scroll of enchant armour {unknown}
 g - 2 scrolls of fear {unknown}
 i - 3 scrolls of vulnerability {unknown}
 j - 3 scrolls of teleportation {unknown}
 m - a scroll of amnesia {unknown}
 q - 4 scrolls of fog {unknown}
 r - a scroll of magic mapping {unknown}
 t - 5 scrolls of identify {unknown}
 u - 2 scrolls of blinking {unknown}
 x - 2 scrolls of silence {unknown}
 y - a scroll of brand weapon {unknown}
 B - a scroll of summoning {unknown}
 E - a scroll of immolation {unknown}
 F - a scroll of enchant weapon {unknown}
 G - a scroll of holy word {unknown}
Potions
 b - 2 potions of ambrosia {unknown}
 h - a potion of flight {unknown}
 k - a potion of degeneration {unknown}
 l - 3 potions of attraction {unknown}
 n - a potion of mutation
 o - a potion of cancellation {unknown}
 p - a potion of brilliance {unknown}
 z - 2 potions of berserk rage {unknown}
 A - 4 potions of lignification {unknown}
 C - 3 potions of curing
 D - a potion of heal wounds {unknown}
 H - 2 potions of resistance {unknown}


   Skills:
 - Level 4.0 Fighting
 + Level 12.0 Axes
 - Level 4.0 Armour
 - Level 4.0 Shields


You had 7 spell levels left.
You didn't know any spells.
Your spell library contained the following spells:

 Spells                   Type           Power      Damage    Failure   Level
 Animate Skeleton         Necr           0%         N/A       83%         1
 Apportation              Tloc           0%         N/A       83%         1
 Magic Dart               Conj           0%         1d3       83%         1
 Summon Small Mammal      Summ           0%         N/A       83%         1
 Corpse Rot               Necr/Air       0%         N/A       92%         2
 Poisonous Vapours        Pois/Air       0%         N/A       92%         2
 Searing Ray              Conj           0%         2d4       92%         2
 Fulminant Prism          Conj/Hex       0%         3d6       100%        4


Dungeon Overview and Level Annotations

Branches:
Dungeon (5/15)              Sewer (visited)         Ossuary (visited)
 Temple: D:4-7

Altars:
Qazlal
Wu Jian


Innate Abilities, Weirdness & Mutations

You have large cloven feet.


Message History

The troll bites you. The troll claws you but does no damage.
The troll closely misses you.
You slash the troll! Your kick misses the troll.
The troll is almost dead.
The troll bites you but does no damage. The troll claws you. x2
You closely miss the troll. Your kick misses the troll.
The troll is almost dead.
The troll bites you! The troll claws you but does no damage.
The troll claws you!
You are too injured to fight recklessly!
You are too injured to fight recklessly!
You are too injured to fight recklessly!
You are too injured to fight recklessly!
You are too injured to fight recklessly!
A troll is nearby!
You are too injured to fight recklessly!
You closely miss the troll. Your kick misses the troll.
The troll is almost dead.
You hit the troll. You kick the troll, but do no damage.
The troll is almost dead.
The troll barely misses you.
The troll claws you but does no damage. x2
You barely miss the troll. Your kick misses the troll.
The troll is almost dead.
The troll bites you. The troll claws you but does no damage.
The troll claws you.
* * * LOW HITPOINT WARNING * * *
Unknown command.
You barely miss the troll. You kick the troll.
The troll is almost dead.
The troll bites you!
* * * LOW HITPOINT WARNING * * *
The troll claws you but does no damage. x2
Unknown command.
Aiming: Throw Flame
Press: ? - help, Shift-Dir - straight line, f - troll
Aim: a troll (almost dead, 68% to hit)
The puff of flame misses the troll.
The troll bites you!
* * * LOW HITPOINT WARNING * * *
The troll claws you.
You die...

#### ... #T## #.@#
#..## #...#
......#.#
.######.#########
.................
.#######.#####.##
#######..####.###
................##


You could see a troll.

Vanquished Creatures
  Sigmund (D:2)
  Pargi (Sewer)
  Duvessa (D:4)
  An ogre (D:5)
  A phantom (D:4)
  A scorpion (D:4)
  Dowan (D:4)
  A bullfrog zombie (D:5)
  Ijyb (D:4)
  Natasha (thrice) (D:2)
  An iguana (D:4)
  14 mummies
  8 adders
  3 worms
  12 bats
  7 endoplasms
  6 giant cockroaches
  4 goblins (D:2)
  9 hobgoblins
  6 quokkas
  11 ball pythons
  4 frilled lizards
  3 gnoll skeletons (Ossuary)
  A goblin zombie (D:5)
  A hobgoblin zombie (D:5)
  6 kobolds
  3 kobold skeletons (Ossuary)
  2 orc skeletons (Ossuary)
  4 rats
  11 rat skeletons (Ossuary)
128 creatures vanquished.

Vanquished Creatures (others)
  A bat (D:3)
  A giant cockroach (D:3)
  A hobgoblin (D:3)
  A ball python (D:3)
4 creatures vanquished.

Grand Total: 132 creatures vanquished

Notes
Turn   | Place    | Note
-------+----------+-------------------------------------------
     0 | D:1      | safid the Hill Orc Fighter began the quest for the Orb.
     0 | D:1      | Reached XP level 1. HP: 19/19 MP: 1/1
   165 | D:1      | Reached skill level 3 in Axes
   165 | D:1      | Reached XP level 2. HP: 27/27 MP: 2/2
   556 | D:1      | Reached XP level 3. HP: 33/33 MP: 3/3
  1136 | D:2      | Noticed Natasha
  1148 | D:2      | Killed Natasha
  1149 | D:2      | Reached skill level 4 in Axes
  1149 | D:2      | Reached XP level 4. HP: 26/40 MP: 4/4
  1306 | D:2      | Noticed Natasha
  1322 | D:2      | Killed Natasha
  1567 | D:2      | Reached skill level 5 in Axes
  1710 | D:2      | Noticed Natasha
  1720 | D:2      | Killed Natasha
  1721 | D:2      | Reached XP level 5. HP: 30/46 MP: 5/5
  1845 | D:2      | Noticed Sigmund
  1865 | D:2      | Killed Sigmund
  1866 | D:2      | Reached skill level 7 in Axes
  1866 | D:2      | Reached XP level 6. HP: 26/52 MP: 6/6
  2192 | D:2      | Found a faded altar of an unknown god.
  2406 | D:3      | Found an ornate altar of the Wu Jian Council.
  2434 | D:3      | Found a glowing drain.
  2449 | Sewer    | Entered a sewer
  2558 | Sewer    | Noticed Pargi
  2569 | Sewer    | Killed Pargi
  2570 | Sewer    | Reached skill level 8 in Axes
  2782 | D:3      | Became a worshipper of Beogh the Brigand
  3063 | D:4      | Gained mutation: You have large cloven feet. [potion of
                  | mutation]
  3066 | D:4      | Reached XP level 7. HP: 33/59 MP: 1/7
  3067 | D:4      | Reached skill level 9 in Axes
  3230 | D:4      | Noticed Ijyb
  3247 | D:4      | Killed Ijyb
  3529 | D:4      | Noticed Dowan
  3530 | D:4      | Noticed Duvessa
  3555 | D:4      | Killed Duvessa
  3555 | D:4      | Reached * piety under Beogh
  3567 | D:4      | Killed Dowan
  3568 | D:4      | Reached skill level 10 in Axes
  3955 | D:4      | Found a stormy altar of Qazlal.
  4396 | D:5      | Entered Level 5 of the Dungeon
  4469 | D:5      | Reached skill level 11 in Axes
  4469 | D:5      | Reached XP level 8. HP: 46/66 MP: 5/8
  4477 | D:5      | Found a sand-covered staircase.
  4536 | Ossuary  | Entered an ossuary
  5338 | Ossuary  | Reached ** piety under Beogh
  5467 | D:5      | Reached skill level 12 in Axes
  5472 | D:5      | Noticed a troll
  5483 | D:5      | HP: 2/66 [troll (7)]
  5483 | D:5      | Slain by a troll

Illustrated notes

Levels and vault maps discovered:
D:1:      lightli_arrival_chessboard, layout_basic, minmay_pentomino_w4
D:2:      layout_loops_ring, dreamdust_ecumenical_altar_hidden_monk_grotto,
          uniq_natasha, uniq_sigmund
D:3:      layout_rooms, mainiacjoe_overflow_boulevard,
          cheibrodos_sewer_entry_sluice
D:4:      layout_loops_ring, grunt_qazlal_clouds, uniq_ijyb, uniq_duvessa
D:5:      layout_basic, temple_green, nicolae_ossuary_entry_giza

Skill      XL: |  1  2  3  4  5  6  7  8 |
---------------+-------------------------+-----
Axes           | 3 4 5 7 8 11 12 | 12.0
Fighting       | 4 |  4.0
Armour         | 4 |  4.0
Shields        | 4 |  4.0

Action                   |  1- 3 |  4- 6 |  7- 9 || total
-------------------------+-------+-------+-------++-------
Melee: War axe           |   104 |   132 |   218 ||   454
       Kick              |       |       |    47 ||    47
Invok: Convert to Beogh  |       |     1 |       ||     1
Evoke: Wand              |       |       |     1 ||     1
  Use: Potion            |       |     3 |       ||     3
Armor: Scale mail        |    48 |    67 |    49 ||   164
Dodge: Dodged            |    60 |    74 |    60 ||   194
Block: Buckler           |    17 |    36 |    22 ||    75
